 Dungeon Crawl Stone Soup version 0.20.1-1-g8b1a95d (webtiles) character file.

108 Jannitor the Skirmisher (level 4, 0/38 HPs)
             Began as a Mummy Monk on Aug 28, 2017.
             Slain by a goblin (1 damage)
             ... on level 2 of the Dungeon.
             The game lasted 00:07:46 (3805 turns).

Jannitor the Skirmisher (Mummy Monk)                Turns: 3805, Time: 00:07:47

Health: 0/38       AC:  1    Str: 14    XL:     4   Next: 58%
Magic:  4/4        EV: 13    Int:  9    God:
Gold:   112        SH:  0    Dex: 15    Spells: 3/3 levels left

rFire    x . .     SeeInvis .     - Unarmed
rCold    + . .     Gourm    .   (no shield)
rNeg     + + +     Faith    .   (no armour)
rPois    ∞         Spirit   .   (no helmet)
rElec    .         Reflect  .   g - +0 cloak
rCorr    .         Harm     .   (no gloves)
MR       .....                  (no boots)
Stlth    ++........             (no amulet)
Regen    0.2/turn               (no ring)
MPRegen  0.1/turn               (no ring)

@: no status effects
A: no food or potions, fire vulnerability, cold resistance 1, negative energy
resistance 3, torment resistance, unbreathing
a: no special abilities


You were on level 2 of the Dungeon.
You were not hungry.

You visited 1 branch of the dungeon, and saw 3 of its levels.

You collected 112 gold pieces.

Inventory:

Armour
 g - a +0 cloak (worn)
Scrolls
 a - 2 scrolls of remove curse
 c - 3 scrolls of identify
 e - a scroll of amnesia


   Skills:
 + Level 4.4 Fighting
 + Level 2.5 Dodging
 - Level 1.5 Stealth
 + Level 3.4 Unarmed Combat


You had 3 spell levels left.
You didn't know any spells.

Dungeon Overview and Level Annotations

Branches:
Dungeon (3/15)

Altars:
Qazlal

Annotations:
D:2 teletrap, exclusions: 4 doors and 1 more exclusion, Natasha


Innate Abilities, Weirdness & Mutations

You do not eat or drink.
Your flesh is vulnerable to fire.
You are immune to poison.
Your flesh is cold resistant. (rC+)
You are immune to negative energy. (rN+++)
You are immune to unholy pain and torment.
You can survive without breathing.


Message History

The shadow imp barely misses you.
The iron imp disappears in a puff of smoke!
The shadow imp closely misses you. The shadow imp barely misses you.
The shadow imp disappears in a puff of smoke!
Natasha mumbles some strange words.
You feel yourself speed up.
The crimson imp disappears in a puff of smoke!
Natasha casts a spell.
A goblin comes into view.
The goblin shouts!
Natasha stares at you and mumbles some strange words.
The magic dart hits you!
* * * LOW HITPOINT WARNING * * *
There is an open door here.
The goblin hits you.
* * * LOW HITPOINT WARNING * * *
Natasha drinks a potion.
Natasha suddenly seems more resistant.
The goblin hits you.
You die...

# ####h### #.###.##.#.#.## # #.#
#.# ###.##....# ######.####
##'## ##.###..# #.........#
##...## ##.#.#.# #.####.##.#
##.....## ##.##.# #.# #.#..#
##.......## ##.#.#
#)####....####.........####....#
....)......55h.........'.......#
#.###.#...####..@......####....#
#.........# ##.g..>..## ##.#.#
#####.##### ##.....## ####.##
#.# ##...## #...... #.# ##+##
#.##.## #.# #.# #.##.# #)#####
#.# #.##.# #.....# ######.##
#....# #####.###.......## #..###


You could see Natasha, a crimson imp, a white imp and a goblin.

Vanquished Creatures
  Jessica (D:2)
  2 adders (D:2)
  An ooze (D:2)
  2 dart slugs
  A leopard gecko (D:2)
  4 giant cockroaches (D:2)
  11 goblins
  7 hobgoblins
  2 quokkas (D:2)
  7 bats
  7 frilled lizards
  4 kobolds
  5 rats
54 creatures vanquished.

Notes
Turn   | Place    | Note
-------+----------+-------------------------------------------
     0 | D:1      | Jannitor the Mummy Monk began the quest for the Orb.
     0 | D:1      | Reached XP level 1. HP: 18/18 MP: 1/1
   657 | D:1      | Reached XP level 2. HP: 20/24 MP: 2/2
  1659 | D:1      | Reached XP level 3. HP: 20/30 MP: 3/3
  2524 | D:2      | Found a stormy altar of Qazlal.
  2635 | D:2      | Noticed Jessica
  2667 | D:2      | Killed Jessica
  2667 | D:2      | Reached skill level 4 in Fighting
  2667 | D:2      | Reached XP level 4. HP: 11/37 MP: 4/4
  3768 | D:3      | Noticed Natasha
  3804 | D:2      | HP: 1/38 [goblin (2)]
  3805 | D:2      | Slain by a goblin

Skill      XL: |  1  2  3 |
---------------+----------+-----
Unarmed Combat | 3 |  3.4
Fighting       | 4 |  4.4
Dodging        | |  2.5
Stealth        | |  1.5

Action                   |  1- 3 |  4- 6 || total
-------------------------+-------+-------++-------
Melee: Unarmed           |   167 |    68 ||   235
       Punch             |     2 |     2 ||     4
  Use: Scroll            |     1 |     6 ||     7
 Stab: Sleeping          |     5 |     2 ||     7
       Distracted        |     1 |       ||     1
Armor: Skin              |       |     4 ||     4
Dodge: Dodged            |    86 |    49 ||   135
